 Dungeon Crawl Stone Soup version 0.17-a0-1637-g5d65775 (webtiles) character file.

40 KentuckyFriedChocobo the Caller (level 3, 14/19 HPs)
             Began as a Tengu Summoner on Aug 6, 2015.
             Got out of the dungeon alive.
             The game lasted 00:33:25 (3782 turns).

KentuckyFriedChocobo the Caller (Tengu Summoner)    Turns: 3782, Time: 00:33:25

Health: 14/19      AC:  5    Str:  9    XL:     3   Next: 50%
Magic:  7/7        EV: 11    Int: 15    God:
Gold:   80         SH:  0    Dex: 14    Spells: 1 memorised, 5 levels left

rFire  . . .     SeeInvis .     r - +0 short sword
rCold  . . .     Clarity  .     d - +0 ring mail
rNeg   . . .     SustAt   .     (no shield)
rPois  .         Gourm    .     (helmet restricted)
rElec  .         Spirit   .     (no cloak)
rCorr  .         Warding  .     (no gloves)
rMut   .         Stasis   .     (boots unavailable)
MR     .....                    (no amulet)
Stlth  +.........               (no ring)
                                (no ring)

@: not resistant to hostile enchantments, very unstealthy
A: beak, talons 3
a: no special abilities


You escaped.
You were very hungry.

You visited 1 branch of the dungeon, and saw 2 of its levels.

You collected 80 gold pieces.

Inventory:

Hand weapons
 f - a +0 club
 j - a +0 whip
 k - a +0 dagger
 l - a +0 dagger
 n - a +0 club
 p - a +0 dagger
 q - a +0 dagger
 r - a +0 short sword (weapon)
 t - a +2 vampiric dagger
 v - a +0 hand axe
 y - a +0 club
Missiles
 e - 21 poisoned needles
 h - 6 tomahawks (quivered)
 i - 42 arrows
Armour
 a - a +0 robe
 d - a +0 ring mail (worn)
 w - a +0 leather armour
Jewellery
 u - an uncursed ring of fire {unknown}
Scrolls
 m - a scroll of blinking {unknown}
 s - a scroll of remove curse {unknown}
Potions
 g - 2 potions of heal wounds {unknown}
 o - a potion of curing {unknown}
 z - a potion of poison {unknown}
Books
 b - a book of Callings

   Spells                             Type                      Level
   a - Summon Small Mammal            Summoning                    1
   b - Call Imp                       Summoning                    2
   c - Call Canine Familiar           Summoning                    3
   d - Summon Guardian Golem          Hexes/Summoning              3
   e - Summon Lightning Spire         Summoning/Air                4
   f - Summon Ice Beast               Ice/Summoning                4
Comestibles
 c - a slice of pizza
 x - a bread ration


   Skills:
 + Level 0.9 Armour
 + Level 2.7 Dodging
 + Level 2.1 Stealth
 + Level 2.2 Spellcasting
 + Level 5.4 Summonings


You had 5 spell levels left.
You knew the following spells:

 Your Spells              Type           Power        Failure   Level  Hunger
a - Summon Small Mammal   Summ           ###.         8%          1    #......


Dungeon Overview and Level Annotations

Branches:
Dungeon (2/15)

Altars:


Innate Abilities, Weirdness & Mutations

You have a beak for a mouth.
You have claws for feet.


Message History

The jackal bites you but does no damage.
You closely miss the jackal. The jackal bites you.
You hit the jackal. You peck the jackal, but do no damage.
The jackal is severely wounded.
The jackal bites you. The jackal closely misses you.
You barely miss the jackal. You claw the jackal.
You kill the jackal!
Your rat disappears in a puff of smoke!
Things that are here:
a jackal corpse x2
Your magical contamination has completely faded away.
Your bat disappears in a puff of smoke!
There is a staircase leading out of the dungeon here.
Are you sure you want to leave the Dungeon?
This will make you lose the game!
Alright, then stay!
Casting: Summon Small Mammal
Confirm with . or Enter, or press ? or * to list all spells.
You don't know that spell.
Are you sure you want to leave the Dungeon?
This will make you lose the game!
You have escaped!

##### #######
#...##.#....#
#.##..#...#.#
#..#.#..#..#.
##.##..##.##.
#...#.#..#...#. ####
#.###..#.#.#.†#
#..####.###.#.#..#....
#.###@###..##.##......
#.# #.#...#.##.#..##..
#.# ##.######.#...#..#
#.# ### #...#..#...#.
#.# #.##....#. #.#
#...#....# #.#
#.##....#. #.#
##...#.... #.#
#########


There were no monsters in sight!

Vanquished Creatures
  2 bats (D:2)
  A giant cockroach (D:1)
  2 hobgoblins (D:1)
  12 jackals
  A quokka (D:2)
  2 ball pythons (D:2)
  A giant newt (D:1)
  A goblin (D:1)
  A kobold (D:2)
  2 rats
25 creatures vanquished.

Vanquished Creatures (collateral kills)
  A giant gecko (D:2)
  2 bats (D:1)
  A giant cockroach (D:1)
  2 hobgoblins
  3 jackals
  2 kobolds (D:2)
  2 giant newts
  2 goblins (D:1)
  A rat (D:2)
16 creatures vanquished.

Grand Total: 41 creatures vanquished

Notes
Turn   | Place    | Note
--------------------------------------------------------------
     0 | D:1      | KentuckyFriedChocobo the Tengu Summoner began the quest for the Orb.
     0 | D:1      | Reached XP level 1. HP: 10/10 MP: 4/4
   545 | D:1      | Reached skill level 5 in Summonings
   815 | D:1      | Reached XP level 2. HP: 3/15 MP: 4/6
  2123 | D:2      | Reached XP level 3. HP: 2/19 MP: 3/7
  3351 | D:2      | Upgraded the game from 0.17-a0-1636-g3119f2b to 0.17-a0-1637-g5d65775
  3782 | D:$      | Got out of the dungeon alive.

Vault maps used:
D:1:      erik_arrival_cave_to_civilisation
D:2:      interstate_on_off, hangedman_decor_points

Action                   || total
-------------------------++-------
Melee: Unarmed           ||    13
       Whip              ||     6
       Dagger            ||    49
       Club              ||     2
       Short sword       ||    45
Throw: Tomahawk          ||     7
 Cast: Summon Small Mamm ||    57
  Use: Scroll            ||     1
 Stab: Distracted        ||     1
  Eat: Bread ration      ||     2
